 Dungeon Crawl Stone Soup version 0.31.0-12-g77e489cdc1 (webtiles) character file.

Game seed: 6496177319581330221

115 Gadfly the Changeling (level 5, -3/39 HPs)
             Began as a Merfolk Shapeshifter on Feb 13, 2024.
             Was an Initiate of Gozag.
             Shot with an arrow by a centaur (6 damage)
             ... on level 4 of the Dungeon.
             The game lasted 00:05:40 (2895 turns).

Gadfly the Changeling (Merfolk Shapeshifter)        Turns: 2895, Time: 00:05:40

Health: -3/39      AC:  2    Str: 16    XL:     5   Next: 0%
Magic:  5/5        EV: 13    Int: 10    God:    Gozag
Gold:   308        SH:  0    Dex: 13    Spells: 4/4 levels left

rFire   . .          .
                       - Unarmed
rCold   . . .        (no shield)
rNeg    . . .        a - +0 animal skin
rPois   .            (helmet currently unavailable)
rElec   .            g - melded +0 cloak
rCorr   .            e - melded +0 pair of gloves
SInv    .            (boots currently unavailable)
Will    .....        (no amulet)
Stlth   +            (no ring)
HPRegen 0.26/turn    (no ring)
MPRegen 0.09/turn

%: no passive effects
@: beast-form
A: beast (slay +2), (nimble swimmer 2), mertail
a: Begin Untransformation, Renounce Religion, Potion Petition, Call Merchant,
Bribe Branch


You were on level 4 of the Dungeon.
You worshipped Gozag.
Gozag was aware of your devotion.
You were a hulking beast.
You visited 1 branch of the dungeon, and saw 4 of its levels.

You collected 329 gold pieces.
You paid 21 gold pieces to Gozag.

Inventory:

Armour
 a - a +0 animal skin (worn)
 e - a +0 pair of gloves (melded)
 g - a +0 cloak (melded)
Talismans
 c - a beast talisman (active)
 d - a flux talisman
Potions
 b - 2 potions of lignification
 f - a potion of ambrosia
 h - a potion of heal wounds
 i - a potion of resistance {unknown}
 j - 3 potions of curing
 k - a potion of haste


   Skills:
 * Level 2.6 Fighting
 + Level 3.4 Dodging
 + Level 4.1 Unarmed Combat
 * Level 2.1 Evocations
 + Level 4.2 Shapeshifting


You had 4 spell levels left.
You didn't know any spells.
Your spell library contained the following spells:

 Spells                   Type           Power      Damage    Failure   Level
 Kiss of Death            Conj/Necr      0%         2d5       36%         1
 Cigotuvi's Dreadful Rot  Necr/Alch/Air  0%         N/A       50%         2
 Confusing Touch          Hex            0%         N/A       75%         3
 Dazzling Flash           Conj/Hex       0%         N/A       75%         3
 Volatile Blastmotes      Fire/Tloc      0%         2d10      75%         3
 Dispel Undead            Necr           0%         3d6       98%         4
 Ignite Poison            Fire/Alch      0%         N/A       98%         4
 Freezing Cloud           Conj/Ice/Air   0%         6-21      100%        5
 Starburst                Conj/Fire      0%         6d3       100%        6
 Maxwell's Capacitive Co  Air            0%         ∞         100%        8


Dungeon Overview and Level Annotations

Branches:
Dungeon (4/15)
 Temple: D:4-7

Altars:
Gozag


Innate Abilities, Weirdness & Mutations

You are a hulking beast.
Your limbs bulge with bestial killing power. (Slay +2)
((You are very nimble when in or above water. (Stealth+, EV+, Speed+++)))
Your lower body shifts to a powerful aquatic tail in water.


Message History

A hobgoblin comes into view.
Found 6 gold pieces.
The hobgoblin shouts!
The ball python bites you but does no damage.
The ball python misses you.
You closely miss the ball python. The ball python barely misses you.
The ball python grabs you. The ball python constricts you.
You hit the ball python.
You kill the ball python!
The hobgoblin hits you.
You see here 9 gold pieces.
You closely miss the hobgoblin. The hobgoblin completely misses you.
You hit the hobgoblin.
The hobgoblin is almost dead.
The hobgoblin hits you but does no damage.
You hit the hobgoblin.
You kill the hobgoblin!
You have reached level 5!
You feel clever.
You now have 295 gold pieces (gained 9).
You now have 302 gold pieces (gained 7).
You see here an orb of mayhem.
You now have 308 gold pieces (gained 6).
A centaur comes into view.
The centaur shouts!
The centaur wields a +0 shortbow.
The centaur shoots an arrow.
The arrow hits you!
A centaur is nearby!
A centaur is nearby!
The centaur shoots an arrow.
The arrow hits you.
The centaur shoots an arrow.
The arrow hits you!
You are too injured to fight recklessly!
You are too injured to fight recklessly!
Okay, then.
The centaur shoots an arrow.
The arrow misses you.
The centaur shoots an arrow.
The arrow hits you!
* * * LOW HITPOINT WARNING * * *
The centaur shoots an arrow.
The arrow hits you.
You die...
Your body crumbles into a pile of gold.

# # #########
#.......#
#..c....#
#.......# ## #
#...h...# #.. #
#.......# #.#
#### #.......##
#.# #...
######...####.##
#### ##.....(..#
# #.#####..# #
#.# #..### # #.#
#....#### #####
#.#####.##.....


You could see a centaur.

Vanquished Creatures
  4 adders
  3 dart slugs
  5 orcs
  7 endoplasms
  2 giant cockroaches
  7 goblins
  6 hobgoblins
  2 quokkas
  8 ball pythons
  2 bats
  5 frilled lizards
  7 kobolds
  5 rats
63 creatures vanquished.

Notes
Turn   | Place    | Note
-------+----------+-------------------------------------------
     0 | D:1      | Gadfly the Merfolk Shapeshifter began the quest for the
                  | Orb.
     0 | D:1      | Reached XP level 1. HP: 15/15 MP: 1/1
   199 | D:1      | Reached XP level 2. HP: 11/21 MP: 2/2
   376 | D:1      | Found a faded altar of an unknown god.
   857 | D:1      | Reached skill level 1 in Evocations
  1049 | D:1      | Reached XP level 3. HP: 18/27 MP: 3/3
  1251 | D:2      | Found an opulent altar of Gozag.
  1279 | D:2      | Became a worshipper of Gozag Ym Sagoz the Greedy
  1718 | D:2      | Reached XP level 4. HP: 8/33 MP: 4/4
  2872 | D:4      | Reached XP level 5. HP: 38/39 MP: 5/5
  2891 | D:4      | Noticed a centaur
  2895 | D:4      | Shot with an arrow by a centaur

Illustrated notes

Levels and vault maps discovered:
D:1:      dpeg_arrival_round_a, layout_basic,
          hellmonk_ecumenical_altar_heavens_door,
          hangedman_decor_clover_reticule
D:2:      layout_loops_ring, basic_altar
D:3:      layout_loops_ring
D:4:      layout_rooms, mainiacjoe_overflow_24_doors, minmay_crystal_room

Skill      XL: |  1  2  3  4 |
---------------+-------------+-----
Evocations     | 1 2 |  2.1
Dodging        | 3 |  3.4
Fighting       | 2 |  2.6
Unarmed Combat | 4 |  4.1
Shapeshifting  | |  4.2

Action                     |  1- 3 |  4- 6 || total
---------------------------+-------+-------++-------
  Melee: Unarmed           |    90 |    74 ||   164
         Punch             |       |     2 ||     2
Ability: Begin Untransform |     1 |     1 ||     2
    Use: Scroll            |     1 |     4 ||     5
         Potion            |       |     3 ||     3
   Stab: Sleeping          |     1 |       ||     1
 Armour: Animal skin       |    35 |    29 ||    64
  Dodge: Dodged            |    43 |    40 ||    83
   Form: Beast             |     1 |     1 ||     2
